 Dungeon Crawl Stone Soup version 0.23-a0-404-g0063841 (webtiles) character file.

3098 MisterFreud the Grappler (level 9, -7/89 HPs)
             Began as a Troll Hunter on Nov 5, 2018.
             Was an Initiate of Ru.
             Killed from afar by an electric eel (12 damage)
             ... with a bolt of electricity
             ... on level 8 of the Dungeon.
             The game lasted 00:12:34 (6261 turns).

MisterFreud the Grappler (Troll Hunter)             Turns: 6261, Time: 00:12:35

Health: -7/89      AC:  6    Str: 25    XL:     9   Next: 59%
Magic:  8/8        EV: 12    Int:  7    God:    Ru [......]
Gold:   336        SH:  4    Dex: 10    Spells: 8/8 levels left

rFire    . . .     SeeInvis .     - Unarmed
rCold    . . .     Gourm    +   (no shield)
rNeg     . . .     Faith    .   b - +0 robe
rPois    .         Spirit   .   (helmet restricted)
rElec    .         Reflect  +   B - +0 cloak
rCorr    .         Harm     .   (gloves unavailable)
MR       +....                  (boots unavailable)
Stlth    +.........             h - +4 amulet of reflection
HPRegen  0.64/turn              m - ring of protection from magic
MPRegen  0.11/turn              (no ring)

@: invisible, very slow
A: large, unfitting armour, claws 3, fast metabolism 3, gourmand, regeneration
1, shaggy fur 1, tough skin 2
a: Renounce Religion


You were on level 8 of the Dungeon.
You worshipped Ru.
Ru was noncommittal.
You were very full.

You visited 1 branch of the dungeon, and saw 8 of its levels.

You collected 336 gold pieces.

Inventory:

Missiles
 c - 4 large rocks (quivered)
 d - 4 throwing nets
 t - 16 tomahawks
 w - 87 stones
 E - 4 javelins
Armour
 b - a +0 robe (worn)
 i - a +0 large shield
 B - a +0 cloak (worn)
Jewellery
 h - a +4 amulet of reflection (around neck)
 m - a ring of protection from magic (left claw)
 u - an uncursed amulet of harm {unknown}
Scrolls
 a - 5 scrolls of remove curse
 j - 2 scrolls of enchant weapon {unknown}
 o - 3 scrolls of teleportation {unknown}
 p - a scroll of enchant armour {unknown}
 r - 3 scrolls of blinking {unknown}
 s - 2 scrolls of amnesia {unknown}
 v - a scroll of immolation {unknown}
 y - a scroll of magic mapping {unknown}
 z - a scroll of fog {unknown}
 D - a scroll of identify
 F - a scroll of fear {unknown}
Potions
 e - a potion of magic
 g - a potion of might
 k - 3 potions of degeneration
 l - a potion of ambrosia {unknown}
 n - a potion of curing
 q - 2 potions of flight
 x - 2 potions of agility
 A - a potion of mutation {unknown}
 C - a potion of invisibility
 G - a potion of berserk rage {unknown}
Comestibles
 f - 9 rations


   Skills:
 - Level 6.0 Fighting
 + Level 5.1 Throwing
 - Level 6.0 Dodging
 - Level 0.3 Stealth
 - Level 8.3 Unarmed Combat


You had 8 spell levels left.
You didn't know any spells.
Your spell library contained the following spells:

 Spells                   Type           Power        Failure   Level  Hunger
 Confusing Touch          Hex            #.....       43%         1    ##.....
 Sandblast                Erth           #.....       43%         1    ##.....
 Summon Small Mammal      Summ           #...         43%         1    ##.....
 Call Imp                 Summ           #.......     56%         2    ###....
 Passwall                 Tmut/Erth      #.......     56%         2    ###....
 Call Canine Familiar     Summ           #.......     80%         3    ####...
 Confuse                  Hex            #.......     80%         3    ####...
 Gell's Gravitas          Tloc           #.........   80%         3    ####...
 Stone Arrow              Conj/Erth      #.....       80%         3    ####...
 Summon Guardian Golem    Hex/Summ       #.......     80%         3    ####...
 Petrify                  Tmut/Erth      #.......     99%         4    #####..
 Summon Ice Beast         Ice/Summ       #.......     99%         4    #####..
 Summon Lightning Spire   Summ/Air       #.......     99%         4    #####..
 Lee's Rapid Deconstruct  Erth           #.........   100%        5    ######.
 Metabolic Englaciation   Hex/Ice        #.........   100%        5    ######.
 Yara's Violent Unravell  Hex/Tmut       #.........   100%        5    ######.


Dungeon Overview and Level Annotations

Branches:
Dungeon (8/15)             Temple (0/1) D:7
   Lair: D:8-11

Altars:
Ashenzari
Cheibriados
Dithmenos
Gozag
Nemelex Xobeh
Qazlal
Ru
Trog
Uskayaw
Xom

Shops:
D:4 *   D:5 %

Annotations:
D:7 1 runed door


Innate Abilities, Weirdness & Mutations

You are too large for most types of armour.
You have claws for hands.
Your metabolism is lightning-fast.
You like to eat raw meat.
Your natural rate of healing is unusually fast.
You are covered in fur. (AC +1)
You have very tough skin. (AC +2)


Message History

The bolt of electricity hits you!
You closely miss the electric eel.
The electric eel shoots out a bolt of lightning at you!
The bolt of electricity hits you! x2
* * * LOW HITPOINT WARNING * * *
The bolt of electricity hits the electric eel.
The electric eel completely resists.
You closely miss the electric eel.
The electric eel shoots out a bolt of lightning at you!
The bolt of electricity hits you!
* * * LOW HITPOINT WARNING * * *
The bolt of electricity hits you!
* * * LOW HITPOINT WARNING * * *
The bolt of electricity hits the electric eel.
The electric eel completely resists.
It was a potion of invisibility.
You fade into invisibility!
The electric eel shoots out a bolt of lightning at you!
The bolt of electricity hits you!
You die...

≈≈≈≈≈≈####'#####
.≈≈≈≈≈≈≈≈##..#
.≈≈≈≈≈≈###''##
#######≈≈≈≈≈# #....#
#≈≈≈≈≈≈≈≈≈≈≈# #....#
#≈≈≈≈≈≈≈≈≈≈ #....#
###≈≈≈≈≈######....#
##≈≈≈≈;≈≈≈≈≈≈#.####.#
#≈≈≈≈≈@≈†≈≈≈÷≈## #≈≈
##≈≈≈≈≈≈≈≈≈≈### ##≈
############


You could see an electric eel.

Vanquished Creatures
  A hornet (D:8)
  A hungry ghost (D:7)
  2 sky beasts
  A necrophage (D:5)
  2 orc warriors
  3 ice beasts
  An ogre (D:4)
  A centaur (D:5)
  A big kobold (D:8)
  3 killer bees (D:7)
  3 howler monkeys
  3 electric eels (D:8)
  7 crimson imps
  3 hounds
  4 jellies
  4 orc wizards
  3 orc priests
  Crazy Yiuf (D:6)
  12 worker ants
  A hound zombie (D:5)
  13 adders
  6 gnolls
  2 shadow imps
  2 adder zombies
  2 adder skeletons
  2 worms
  8 dart slugs
  7 leopard geckos
  28 orcs
  10 giant cockroaches
  8 goblins
  6 hobgoblins
  4 iguanas
  7 jackals
  2 quokkas
  4 ball pythons
  14 bats
  6 frilled lizards
  8 kobolds
  A leopard gecko zombie (D:5)
  8 rats
205 creatures vanquished.

Notes
Turn   | Place    | Note
-------+----------+-------------------------------------------
     0 | D:1      | MisterFreud the Troll Hunter began the quest for the Orb.
     0 | D:1      | Reached XP level 1. HP: 19/19 MP: 0/0
   107 | D:1      | Reached skill level 1 in Unarmed Combat
   193 | D:1      | Reached XP level 2. HP: 23/27 MP: 1/1
   254 | D:1      | Reached skill level 2 in Unarmed Combat
   451 | D:1      | Reached XP level 3. HP: 32/33 MP: 2/2
   517 | D:1      | Reached skill level 3 in Unarmed Combat
   660 | D:2      | Found a shimmering altar of Xom.
   956 | D:2      | Reached XP level 4. HP: 41/41 MP: 3/3
   969 | D:2      | Found a sparkling altar of Nemelex Xobeh.
  1135 | D:2      | Reached skill level 4 in Unarmed Combat
  1274 | D:2      | Reached XP level 5. HP: 48/48 MP: 4/4
  1401 | D:3      | Reached skill level 5 in Unarmed Combat
  1852 | D:3      | Reached XP level 6. HP: 50/55 MP: 5/5
  2027 | D:3      | Reached skill level 6 in Unarmed Combat
  2194 | D:3      | Noticed an ice beast
  2206 | D:3      | Killed an ice beast
  2624 | D:4      | Reached skill level 7 in Unarmed Combat
  2682 | D:4      | Found Gozag's Platinum Reserve.
  2900 | D:4      | Reached XP level 7. HP: 59/62 MP: 6/6
  2905 | D:4      | Found an opulent altar of Gozag.
  2944 | D:4      | Found a shadowy altar of Dithmenos.
  3236 | D:4      | Found a shattered altar of Ashenzari.
  3237 | D:4      | Found a stormy altar of Qazlal.
  3336 | D:4      | Reached skill level 8 in Unarmed Combat
  3424 | D:5      | Entered Level 5 of the Dungeon
  3609 | D:5      | Reached XP level 8. HP: 55/70 MP: 7/7
  4009 | D:5      | Found Hoju's Food Shoppe.
  4050 | D:5      | Reached skill level 5 in Dodging
  4370 | D:6      | Found a sacrificial altar of Ru.
  4564 | D:6      | Found a bloodstained altar of Trog.
  4633 | D:6      | Became a worshipper of Ru the Awakened
  4665 | D:6      | Found a snail-covered altar of Cheibriados.
  4786 | D:6      | Found a runed door.
  4996 | D:6      | Noticed Crazy Yiuf
  5003 | D:6      | Killed Crazy Yiuf
  5052 | D:7      | Found a hide-covered altar of Uskayaw.
  5052 | D:7      | Noticed a dagger
  5052 | D:7      | Noticed a hand axe
  5181 | D:7      | Reached XP level 9. HP: 53/84 MP: 8/8
  5405 | D:7      | Found a runed door.
  5418 | D:7      | Found a runed door.
  5453 | D:7      | Reached skill level 5 in Fighting
  5864 | D:7      | Found a staircase to the Ecumenical Temple.
  6242 | D:8      | Reached skill level 5 in Throwing
  6260 | D:8      | HP: 4/89 [electric eel/bolt of electricity (8)]
  6261 | D:8      | Killed from afar by an electric eel

Vault maps used:
D:1:      dpeg_arrival_ratfight
D:2:      lemuel_doored_altar, first_ration, dk_xom_monty_hall
D:4:      minitemple, nicolae_gozag_zags_fifth_avenue,
          nicolae_dithmenos_shadow_blocks
D:5:      serial_shops, kennysheep_mini_moat, serial_bayou_lagoon_b
D:6:      slow_altar_2, nicolae_overflow_hidden_temple,
          nicolae_ru_the_path_less_chosen, uniq_crazy_yiuf_cottage
D:7:      lemuel_insect_pit, dancing_weapons_uskayaw, minmay_temple_entry_hall
D:8:      wad_lake_hut

Skill      XL: |  1  2  3  4  5  6  7  8  9 |
---------------+----------------------------+-----
Unarmed Combat | 1 2 3 4 5 7 8 |  8.3
Dodging        | 3 6 |  6.0
Fighting       | 4 6 |  6.0
Throwing       | 5 |  5.1
Stealth        | |  0.3

Action                   |  1- 3 |  4- 6 |  7- 9 || total
-------------------------+-------+-------+-------++-------
Melee: Unarmed           |   107 |   145 |   394 ||   646
       Punch             |     1 |     3 |    23 ||    27
Throw: Large rock        |       |     2 |       ||     2
Invok: Reject Sacrifices |       |       |     1 ||     1
  Use: Scroll            |       |     6 |       ||     6
       Potion            |       |       |     1 ||     1
 Stab: Sleeping          |     2 |     2 |     1 ||     5
  Eat: Chunk             |    14 |    13 |    34 ||    61
Armor: Robe              |    29 |    41 |    71 ||   141
Dodge: Dodged            |    44 |    61 |   173 ||   278
Block: Other             |    15 |    23 |    58 ||    96
       Reflection        |       |       |     1 ||     1

Table legend:
 A = Non-vault XP
 B = Vault XP
 C = Vault XP percentage of total XP
 D = Non-vault monster count
 E = Vault monster count
 F = Vault count percentage of total count
                 A         B        C        D         E       F
            +---------+---------+-------+---------+---------+-------
      Total |    3925 |     502 |  11.3 |     183 |      22 |  10.7
            +---------+---------+-------+---------+---------+-------
        D:1 |      55 |       5 |   8.3 |      25 |       5 |  16.7
        D:2 |     116 |      85 |  42.3 |      23 |       3 |  11.5
        D:3 |     317 |       0 |   0.0 |      41 |       0 |   0.0
        D:4 |     540 |       0 |   0.0 |      19 |       0 |   0.0
        D:5 |     825 |       0 |   0.0 |      29 |       0 |   0.0
        D:6 |     481 |      43 |   8.2 |      16 |       2 |  11.1
        D:7 |     839 |     369 |  30.5 |      13 |      12 |  48.0
        D:8 |     752 |       0 |   0.0 |      17 |       0 |   0.0
            +---------+---------+-------+---------+---------+-------
